[Event "TIPC 2006"]
[Site "Charleroi BEL"]
[Date "2006.08.02"]
[Round "6"]
[White "Foisor, Mihaela-Veronica"]
[Black "Minet, Julien"]
[Result "1/2-1/2"]
[ECO "D37"]
[WhiteElo "2005"]
[BlackElo "1927"]
[PlyCount "138"]
[TimeControl "40/7200:3600"]

1. d4 d5 2. c4 e6 3. Nf3 Nf6 4. Nc3 Be7 5. Bf4 c6 6. e3 Nbd7 7. h3 O-O 8. Be2
Re8 9. O-O Nf8 10. Qc2 Ng6 11. c5 Nxf4 12. exf4 b6 13. b4 Bb7 14. Ne5 Nd7 15.
Bd3 Nf8 16. Rfb1 f6 17. Nf3 Qc7 18. g3 Reb8 19. Nd1 b5 20. a4 a6 21. Ra3 Qc8
22. Rba1 Bd8 23. Ne3 Bc7 24. Kg2 Qe8 25. Qc3 Ng6 26. Re1 Qf8 27. Qc2 f5 28. Ne5
Bxe5 29. fxe5 Ne7 30. f4 Qf7 31. Rea1 Qf8 32. R1a2 Ng6 33. Kf3 Qd8 34. Ng2 Qe8
35. Kf2 Ne7 36. Be2 Rd8 37. Ne3 Qg6 38. Qd1 Qh6 39. Kg2 Kf7 40. Kh2 Rg8 41. Ng2
g6 42. Qd2 Qg7 43. Ne1 h6 44. Ng2 Rgd8 45. g4 Qh7 46. Rg3 Rg8 47. Ne3 Ke8 48.
Ra1 Kd7 49. Qc2 Qf7 50. Rag1 Rad8 51. Bd3 Kc7 52. R1g2 Ra8 53. Rg1 Rab8 54.
gxf5 gxf5 55. Qd1 Rxg3 56. Rxg3 Rg8 57. Qf3 Rxg3 58. Qxg3 Qg6 59. Bc2 Kd8 60.
Qxg6 Nxg6 61. Kg3 Ke7 62. Ng2 Kf7 63. Bd1 Kg7 64. Nh4 Bc8 65. a5 Bd7 66. Nxg6
Kxg6 67. Kh4 Kg7 68. Bh5 Kh7 69. Be2 Be8 1/2-1/2

[Event "TIPC 2006"]
[Site "Charleroi BEL"]
[Date "2006.08.02"]
[Round "6"]
[White "Vanhee, Freddy"]
[Black "Bruno, Ricardo"]
[Result "1/2-1/2"]
[ECO "D00"]
[WhiteElo "2005"]
[BlackElo "1892"]
[PlyCount "48"]
[TimeControl "40/7200:3600"]

1. d4 d5 2. Bf4 Nf6 3. e3 c5 4. c3 Qb6 5. Qc2 Nc6 6.
Nd2 cxd4 7. exd4 Bg4 8. Bd3 Rc8 9. Qb3 Qxb3 10. axb3 e6 11. Ngf3 a6 12. O-O Be7
13. Ne5 Nxe5 14. Bxe5 O-O 15. b4 Ra8 16. Ra2 Nd7 17. Rfa1 Nxe5 18. dxe5 d4 19.
Nc4 Rad8 20. Be4 Be2 21. Nd6 Bxd6 22. exd6 Rxd6 23. cxd4 Rxd4 24. Bxb7 Rfd8
1/2-1/2

[Event "TIPC 2006"]
[Site "Charleroi BEL"]
[Date "2006.08.02"]
[Round "6"]
[White "Wattin, Joffrey"]
[Black "Audin, Thierry"]
[Result "1-0"]
[ECO "C44"]
[WhiteElo "1698"]
[BlackElo "1990"]
[PlyCount "49"]
[TimeControl "40/7200:3600"]

1. e4 e6 2. d3 d5 3. Nd2 e5 4. Ngf3 Nc6 5. g3 Nf6 6.
Bg2 Bc5 7. O-O O-O 8. Nb3 Bb6 9. Qe2 dxe4 10. dxe4 Be6 11. Be3 Nd7 12. Rad1 Qe7
13. c3 a5 14. Nc1 f6 15. b3 a4 16. c4 axb3 17. axb3 Nc5 18. Qb2 Rfd8 19. Rxd8+
Rxd8 20. Qa3 Na5 21. Nd2 Qf8 22. b4 Nxc4 23. Nxc4 Bxc4 24. bxc5 Bxf1 25. Bxf1
1-0

[Event "TIPC 2006"]
[Site "Charleroi BEL"]
[Date "2006.08.02"]
[Round "6"]
[White "Fosset, François"]
[Black "Werner, Guy"]
[Result "1/2-1/2"]
[ECO "B01"]
[WhiteElo "2025"]
[BlackElo "1793"]
[PlyCount "80"]
[TimeControl "40/7200:3600"]

1. e4 d5 2. exd5 Qxd5 3. Nc3 Qd6 4. Nf3 Nf6 5. h3 a6
6. d4 Nc6 7. Be3 Bf5 8. Bd3 Bxd3 9. Qxd3 Nb4 10. Qd2 Nbd5 11. Nxd5 Nxd5 12. O-O
f6 13. c4 Nxe3 14. Qxe3 O-O-O 15. Rfe1 g5 16. Qe6+ Qxe6 17. Rxe6 Rd6 18. Rae1
Rxe6 19. Rxe6 Kd7 20. d5 h5 21. g4 hxg4 22. hxg4 c6 23. Nd4 cxd5 24. cxd5 Rh3
25. f3 f5 26. gxf5 Bg7 27. Kg2 Rh4 28. Nb3 Rc4 29. Na5 Rc2+ 30. Kg3 Rxb2 31.
Nc4 Rxa2 32. Nb6+ Kd8 33. d6 exd6 34. f6 Bf8 35. f7 Kc7 36. Nd5+ Kd7 37. Re8
Bg7 38. f8=Q Bxf8 39. Rxf8 Rd2 40. Nb6+ Kc6 1/2-1/2

[Event "TIPC 2006"]
[Site "Charleroi BEL"]
[Date "2006.08.02"]
[Round "6"]
[White "Lhost, Geoffrey"]
[Black "Herpigny, Yves"]
[Result "1-0"]
[ECO "A70"]
[WhiteElo "1966"]
[BlackElo "1745"]
[PlyCount "33"]
[TimeControl "40/7200:3600"]

1. d4 Nf6 2. c4 e6 3. Nf3 c5 4. d5 exd5 5. cxd5 d6
6. Nc3 g6 7. e4 Bg7 8. h3 O-O 9. Bd3 Re8 10. O-O a6 11. a4 c4 12. Bc2 Nbd7 13.
Bf4 Nc5 14. Nd2 Qc7 15. Qe2 Nfxe4 16. Ncxe4 f5 17. Nf6+ 1-0

[Event "TIPC 2006"]
[Site "Charleroi BEL"]
[Date "2006.08.02"]
[Round "6"]
[White "Detienne, Stéphane"]
[Black "Camus, Béranger"]
[Result "0-1"]
[ECO "A35"]
[WhiteElo "1829"]
[BlackElo "2135"]
[PlyCount "62"]
[TimeControl "40/7200:3600"]

1. Nf3 c5 2. e3 Nc6 3. c4 e5 4. Nc3 f5 5. d3 Nf6 6. Be2
Be7 7. b3 d6 8. Bb2 O-O 9. h3 a6 10. Nh2 Rb8 11. g4 Be6 12. Qd2 Qd7 13. Rg1 b5
14. gxf5 Bxf5 15. e4 Bxh3 16. O-O-O Nd4 17. Qh6 Rf7 18. Rg3 Be6 19. Rdg1 Bf8
20. Bg4 g6 21. Qh3 Bxg4 22. Rxg4 Bg7 23. Qe3 Nxg4 24. Nxg4 Rf4 25. Qh3 Rb7 26.
Kb1 h5 27. Nh6+ Kh8 28. Qxd7 Rxd7 29. Bc1 Bxh6 30. Bxf4 Bxf4 31. Rxg6 Rg7 0-1

[Event "TIPC 2006"]
[Site "Charleroi BEL"]
[Date "2006.08.02"]
[Round "6"]
[White "Baekelant, Eva"]
[Black "Moga, Christoph"]
[Result "0-1"]
[ECO "A21"]
[WhiteElo "1988"]
[BlackElo "1784"]
[PlyCount "120"]
[TimeControl "40/7200:3600"]

1. c4 e5 2. g3 d6 3. Nc3 f5 4. Bg2 Nf6 5. d3 Be7 6. Nf3 c6
7. O-O Na6 8. Bd2 O-O 9. a3 Qe8 10. e3 Qh5 11. Nh4 Qf7 12. Qe2 g5 13. Nf3 Qg6
14. d4 e4 15. Ne1 d5 16. b4 Nc7 17. cxd5 cxd5 18. Bh1 g4 19. Ng2 Nh5 20. Rfc1
Qd6 21. Nf4 Nxf4 22. exf4 Bd7 23. Bg2 Bf6 24. Be3 Ne6 25. Qd2 Rfc8 26. Ne2 Bb5
27. Rxc8+ Rxc8 28. Nc3 Bd3 29. Nxd5 Qxd5 30. Qxd3 Nxd4 31. Bxd4 Bxd4 32. Rd1
Bxf2+ 33. Kxf2 Qxd3 34. Rxd3 exd3 35. Bd5+ Kg7 36. Ke3 Rd8 37. Bb3 d2 38. Ke2
b6 39. Bc2 Kf6 40. a4 a5 41. b5 h5 42. Bb3 Rd4 43. Bc2 h4 44. Bb3 hxg3 45. hxg3
Rd8 46. Bd1 Rh8 47. Kxd2 Rh3 48. Ke2 Rxg3 49. Kf2 Rd3 50. Ke1 Rxd1+ 51. Kxd1
Ke6 52. Ke2 Kd5 53. Kd3 Kc5 54. Ke3 Kc4 55. Kf2 Kd4 56. Kg3 Ke4 57. Kf2 Kxf4
58. Ke2 Ke4 59. Kf2 f4 60. Kg2 Ke3 0-1

[Event "TIPC 2006"]
[Site "Charleroi BEL"]
[Date "2006.08.02"]
[Round "6"]
[White "Marchiano, Marco"]
[Black "Desinte, David"]
[Result "1-0"]
[ECO "C01"]
[WhiteElo "1663"]
[BlackElo "1962"]
[PlyCount "83"]
[TimeControl "40/7200:3600"]

1. e4 e6 2. d4 d5 3. exd5 exd5 4. Bd3 Bd6 5. Nf3 Ne7 6.
Bg5 f6 7. Bh4 Bf5 8. Bg3 Nbc6 9. c3 Qd7 10. Bxd6 Qxd6 11. O-O O-O-O 12. Bxf5+
Nxf5 13. Qd3 Nce7 14. Na3 h5 15. Rfe1 g5 16. Nb5 Qb6 17. a4 c6 18. Na3 Rde8 19.
b4 Nh4 20. Nxh4 gxh4 21. Qh3+ Kb8 22. Qxh4 Ng6 23. Rxe8+ Rxe8 24. Qg3+ Ne5 25.
dxe5 fxe5 26. Qg6 Qd8 27. Qxh5 Qe7 28. Re1 a5 29. Nc2 axb4 30. cxb4 e4 31. b5
Rd8 32. bxc6 bxc6 33. Nd4 Qd6 34. Rb1+ Ka8 35. Qf7 Rd7 36. Qe8+ Rd8 37. Qxc6+
Qxc6 38. Nxc6 Rc8 39. Rb8+ Rxb8 40. Nxb8 Kxb8 41. h4 d4 42. Kf1 1-0

[Event "TIPC 2006"]
[Site "Charleroi BEL"]
[Date "2006.08.02"]
[Round "6"]
[White "Guyon, Cindy"]
[Black "Pitropakis, Kyriakos"]
[Result "1/2-1/2"]
[ECO "A40"]
[WhiteElo "1835"]
[BlackElo "1587"]
[PlyCount "95"]
[TimeControl "40/7200:3600"]

1. d4 h6 2. c4 c6 3. Nc3 e6 4. Nf3 d5 5. Bf4 Ne7 6. e3 Nf5
7. Bd3 Be7 8. Qc2 dxc4 9. Bxc4 Nh4 10. Nxh4 Bxh4 11. O-O Bf6 12. Ne4 Be7 13.
Rfd1 Kf8 14. Rac1 a5 15. Be2 Na6 16. a3 Nc7 17. Bf3 Nd5 18. Bg3 Nf6 19. Nc3 g5
20. h3 h5 21. Be5 Rh6 22. Qe2 h4 23. Bh2 Nd5 24. Ne4 f5 25. Nc5 Bd6 26. Bxd6+
Qxd6 27. Nd3 Ke7 28. Qc2 Bd7 29. Qc5 Qxc5 30. Nxc5 Ra7 31. Re1 Nf6 32. e4 Nxe4
33. Nxe4 fxe4 34. Bxe4 Kd6 35. Rc5 e5 36. Rxe5 g4 37. hxg4 Bxg4 38. Bf5 Bxf5
39. Rxf5 Ra8 40. Ree5 b6 41. Kf1 Rg8 42. b4 axb4 43. axb4 Ra8 44. Ke2 Ra3 45.
Re3 Ra2+ 46. Kd3 Ra3+ 47. Ke2 Ra2+ 48. Kd3 1/2-1/2

[Event "TIPC 2006"]
[Site "Charleroi BEL"]
[Date "2006.08.02"]
[Round "6"]
[White "Majewski, Philippe"]
[Black "Vivone, Santino"]
[Result "0-1"]
[ECO "D00"]
[WhiteElo "1754"]
[BlackElo "1995"]
[PlyCount "64"]
[TimeControl "40/7200:3600"]

1. d4 Nf6 2. Nc3 d5 3. g3 Bf5 4. Bg2 e6 5. Bg5 c5 6. e3
Nc6 7. a3 h6 8. Bxf6 Qxf6 9. Nge2 cxd4 10. Nxd4 Nxd4 11. exd4 Rc8 12. Rc1 Bd6
13. O-O O-O 14. f4 Rc4 15. Ne2 a5 16. Qd2 Rfc8 17. c3 h5 18. Rce1 h4 19. Nc1 b5
20. Nd3 b4 21. axb4 axb4 22. Ne5 bxc3 23. bxc3 Rxc3 24. g4 h3 25. Bxh3 Rxh3 26.
gxf5 Qxf5 27. Rc1 Rxc1 28. Qxc1 Bxe5 29. fxe5 Qg4+ 30. Kh1 Qe2 31. Rf2 Qe4+ 32.
Rg2 Re3 0-1

[Event "TIPC 2006"]
[Site "Charleroi BEL"]
[Date "2006.08.02"]
[Round "6"]
[White "Lambert, Pierre-Henry"]
[Black "Chung Choong Lon, Marc"]
[Result "1-0"]
[ECO "A23"]
[WhiteElo "1545"]
[BlackElo "1775"]
[PlyCount "121"]
[TimeControl "40/7200:3600"]

1. c4 c6 2. g3 e5 3. Bg2 Nf6 4. Nc3 d5 5. cxd5 cxd5 6. d4 exd4 7. Qxd4 Nc6 8.
Qa4 Bc5 9. Bg5 h6 10. Bxf6 Qxf6 11. e3 O-O 12. Bxd5 Bd7 13. Rd1 Rad8 14. Qc4
Bb6 15. Nge2 Ne5 16. Qf4 Qe7 17. Bxb7 Bh3 18. Qe4 Bf5 19. Qxf5 Qxb7 20. O-O
Nf3+ 21. Kh1 Rxd1 22. Rxd1 Nd4+ 23. Qd5 Qxd5+ 24. Nxd5 Nxe2 25. Re1 Nd4 26.
exd4 Bxd4 27. Re2 Rd8 28. Ne7+ Kf8 29. Nc6 Rd6 30. Nxd4 Rxd4 31. b3 Rd7 32. b4
Re7 33. Rd2 Ke8 34. Rd5 Rd7 35. Ra5 Kd8 36. b5 Kc8 37. a4 Kb7 38. Ra6 Re7 39.
Rd6 Kc7 40. Rc6+ Kb7 41. a5 Re5 42. a6+ Kb8 43. b6 axb6 44. Rxb6+ Ka7 45. Rb7+
Kxa6 46. Rxf7 Rg5 47. f4 Rg6 48. f5 Rg5 49. Kg2 g6 50. Rf6+ Kb5 51. Rxg6 Rxf5
52. Rxh6 Rc5 53. Kh3 Rc2 54. g4 Rc3+ 55. Kh4 Rc2 56. h3 Rc4 57. Rf6 Rc3 58. g5
Rc4+ 59. Kh5 Rc3 60. h4 Rh3 61. g6 1-0

[Event "TIPC 2006"]
[Site "Charleroi BEL"]
[Date "2006.08.03"]
[Round "7"]
[White "Leitao, Rafael"]
[Black "Eliet, Nicolas"]
[Result "0-1"]
[ECO "D41"]
[WhiteElo "2595"]
[BlackElo "2427"]
[PlyCount "142"]
[TimeControl "40/7200:3600"]

1. d4 Nf6 2. c4 e6 3. Nc3 d5 4. cxd5 Nxd5 5. e4 Nxc3
6. bxc3 c5 7. Nf3 cxd4 8. cxd4 Bb4+ 9. Bd2 Bxd2+ 10. Qxd2 O-O 11. Bc4 Nc6 12.
O-O b6 13. Rad1 Bb7 14. Rfe1 Rc8 15. d5 Na5 16. Bd3 Qe7 17. Qf4 Rfd8 18. h4 h6
19. h5 Rc5 20. Bb1 Nc4 21. dxe6 fxe6 22. Qg4 Rf8 23. Nd4 Bc8 24. e5 Qg5 25. Qe4
Qxh5 26. Qh7+ Kf7 27. Rd3 Nxe5 28. Rh3 Qg5 29. f4 Qxf4 30. Nb3 Ke8 31. Re4 Qf1+
32. Kh2 Rc7 33. Nd2 Qf5 34. Qxf5 Rxf5 35. Re2 Ba6 36. Re1 Rf2 37. Rxe5 Rxd2 38.
Rxe6+ Kd8 39. Rf3 Re7 40. Rxe7 Kxe7 41. Ra3 Bc4 42. Rxa7+ Kf6 43. Ra4 Bd5 44.
Rb4 Rxg2+ 45. Kh3 Rg5 46. Rxb6+ Be6+ 47. Kh2 Ra5 48. Rb2 g5 49. Rf2+ Kg7 50.
Re2 Bf7 51. Rg2 Bg6 52. Bxg6 Kxg6 53. Rb2 Ra3 54. Kg1 g4 55. Kg2 h5 56. Rb6+
Kg5 57. Rb5+ Kh4 58. Rb2 Rg3+ 59. Kh2 Rc3 60. Kg2 Rg3+ 61. Kh2 Rf3 62. Kg2 Rf4
63. a3 Ra4 64. Rb3 Rc4 65. Rb2 Rc3 66. Ra2 Kg5 67. a4 h4 68. a5 h3+ 69. Kh1 g3
70. Ra1 Rf3 71. a6 g2+ 0-1

[Event "TIPC 2006"]
[Site "Charleroi BEL"]
[Date "2006.08.03"]
[Round "7"]
[White "Laurent, Bruno"]
[Black "Hanley, Craig"]
[Result "0-1"]
[ECO "B47"]
[WhiteElo "2404"]
[BlackElo "2419"]
[PlyCount "44"]
[TimeControl "40/7200:3600"]

1. e4 c5 2. Nf3 e6 3. Nc3 Nc6 4. d4 cxd4 5. Nxd4 Qc7
6. g3 a6 7. Bg2 d6 8. O-O Bd7 9. f4 Nxd4 10. Qxd4 Nf6 11. Kh1 Bc6 12. Be3 Be7
13. Bf3 O-O 14. Qb6 Qb8 15. a4 Nd7 16. Qd4 b5 17. axb5 axb5 18. b4 Bf6 19. Qd3
Bxc3 20. Qxc3 Qb7 21. Rxa8 Rxa8 22. Bd4 Bxe4 0-1

[Event "TIPC 2006"]
[Site "Charleroi BEL"]
[Date "2006.08.03"]
[Round "7"]
[White "Foisor, Sabina-Francesca"]
[Black "Denayer, Eric"]
[Result "1/2-1/2"]
[ECO "A11"]
[WhiteElo "2292"]
[BlackElo "2279"]
[PlyCount "126"]
[TimeControl "40/7200:3600"]

1. c4 Nf6 2. g3 c6 3. Bg2 d5 4. Nf3 Bg4 5. O-O Bxf3
6. Bxf3 e6 7. d4 Be7 8. Nd2 Nbd7 9. e4 dxe4 10. Nxe4 Nxe4 11. Bxe4 Nf6 12. Bg2
O-O 13. Be3 Ne8 14. Qb3 Nd6 15. Rad1 Qb6 16. Qc2 Qa6 17. b3 Rac8 18. Rfe1 Qa5
19. Bd2 Qd8 20. Bc3 Bf6 21. a4 Qc7 22. Qe2 Rfd8 23. Bb2 Nf5 24. d5 Bxb2 25.
Qxb2 cxd5 26. cxd5 exd5 27. Bxd5 Ne7 28. Be4 Rxd1 29. Rxd1 g6 30. Qf6 Nc6 31.
Bg2 Re8 32. Bd5 Qe7 33. Qc3 Ne5 34. Bg2 b6 35. h3 g5 36. Qd4 Ng6 37. Kh2 Qe5
38. Qd7 Qe7 39. Qf5 Qe5 40. Qc2 Qe7 41. Rd5 Rd8 42. Rf5 f6 43. Rf3 Kg7 44. Re3
Qd6 45. Qe4 Rd7 46. Qa8 Re7 47. Rxe7+ Qxe7 48. Bd5 Kh6 49. Be4 Kg7 50. Kg2 h5
51. Qd5 Qe5 52. Qc4 f5 53. Bc2 h4 54. Qd3 hxg3 55. fxg3 Ne7 56. Bd1 Kf6 57. Bf3
f4 58. gxf4 gxf4 59. Be4 Qg5+ 60. Kf1 Qc5 61. Kg2 Qg5+ 62. Kf1 Qc5 63. Kg2 Qg5+
1/2-1/2

[Event "TIPC 2006"]
[Site "Charleroi BEL"]
[Date "2006.08.03"]
[Round "7"]
[White "Both, Erik"]
[Black "Gharamian, Tigran"]
[Result "0-1"]
[ECO "B51"]
[WhiteElo "2286"]
[BlackElo "2460"]
[PlyCount "68"]
[TimeControl "40/7200:3600"]

1. e4 c5 2. Nf3 d6 3. Bb5+ Nd7 4. d4 Ngf6 5. Qe2
cxd4 6. Nxd4 e6 7. c4 Be7 8. Nc3 O-O 9. Bxd7 Bxd7 10. O-O a6 11. b3 Rc8 12. Bb2
Re8 13. Rfd1 Qa5 14. f4 e5 15. Nf5 Bxf5 16. exf5 exf4 17. Nd5 Bd8 18. Qf3 Nxd5
19. Qxd5 Qxd5 20. Rxd5 Re2 21. Bd4 Bh4 22. Rxd6 Rce8 23. Rf1 Rxa2 24. f6 Rd2
25. c5 g5 26. Bc3 Rc2 27. Bb4 h5 28. Rd2 Re2 29. Rxe2 Rxe2 30. Ba5 Kh7 31. Rc1
Ra2 32. Bd8 Bf2+ 33. Kf1 Be3 34. Rc2 Rxc2 0-1

[Event "TIPC 2006"]
[Site "Charleroi BEL"]
[Date "2006.08.03"]
[Round "7"]
[White "Laurent, Michel"]
[Black "Perez Garcia, Rodney"]
[Result "0-1"]
[ECO "A20"]
[WhiteElo "2026"]
[BlackElo "2406"]
[PlyCount "62"]
[TimeControl "40/7200:3600"]

1. c4 e5 2. g3 c5 3. Bg2 g6 4. Nc3 Bg7 5. e4 Ne7 6.
Nge2 O-O 7. O-O Nbc6 8. d3 a6 9. h3 Rb8 10. Be3 d6 11. f4 exf4 12. gxf4 f5 13.
d4 fxe4 14. dxc5 Nf5 15. Qd2 Nxe3 16. Qxe3 dxc5 17. Qxe4 Bf5 18. Qd5+ Qxd5 19.
Bxd5+ Kh8 20. Kh2 Nb4 21. Be4 Bxe4 22. Nxe4 Bxb2 23. Rab1 Rbe8 24. N2g3 Bd4 25.
a3 Nc2 26. Rxb7 Ne3 27. Rfb1 Rxf4 28. Ra7 Nf5 29. Re1 Rf2+ 30. Nxf2 Rxe1 31.
Nge4 Be5+ 0-1

[Event "TIPC 2006"]
[Site "Charleroi BEL"]
[Date "2006.08.03"]
[Round "7"]
[White "Hovhanisian, Mher"]
[Black "Dal Borgo, Albin"]
[Result "1-0"]
[ECO "B22"]
[WhiteElo "2359"]
[BlackElo "2128"]
[PlyCount "83"]
[TimeControl "40/7200:3600"]

1. e4 c5 2. c3 e6 3. d4 d5 4. exd5 exd5 5. Be3 cxd4
6. Bxd4 Nc6 7. Bb5 Bd7 8. Nf3 Nxd4 9. Bxd7+ Qxd7 10. Nxd4 Nf6 11. O-O Be7 12.
Nd2 O-O 13. N2f3 b5 14. Re1 b4 15. Ne5 Qb7 16. Nec6 Bc5 17. cxb4 Bxd4 18. Ne7+
Kh8 19. Qxd4 Rab8 20. a3 a5 21. bxa5 Qxb2 22. Qxb2 Rxb2 23. Nc6 Ra8 24. Reb1
Rc2 25. Nb4 Rc5 26. a6 g6 27. Rc1 Ra5 28. f3 Kg7 29. Kf2 Nd7 30. Rc7 Nc5 31.
Nc6 R5xa6 32. Ne5 Nb3 33. Rxf7+ Kg8 34. Rb1 Rxa3 35. Rd7 d4 36. Ng4 h5 37. Nf6+
Kf8 38. Kg3 R8a6 39. Ne4 Ke8 40. Rh7 d3 41. Nc5 Rb6 42. Re1+ 1-0

[Event "TIPC 2006"]
[Site "Charleroi BEL"]
[Date "2006.08.03"]
[Round "7"]
[White "Van Mechelen, Jan"]
[Black "Terrieux, Kevin"]
[Result "1/2-1/2"]
[ECO "D36"]
[WhiteElo "2251"]
[BlackElo "2343"]
[PlyCount "64"]
[TimeControl "40/7200:3600"]

1. d4 d5 2. c4 e6 3. Nc3 Be7 4. Nf3 Nf6 5. Bg5 O-O
6. cxd5 exd5 7. e3 c6 8. Qc2 Nbd7 9. Bd3 Re8 10. O-O Nf8 11. Bxf6 Bxf6 12. b4
Bg4 13. Nd2 Be7 14. b5 Bd6 15. h3 Bxh3 16. gxh3 Qh4 17. e4 Qg5+ 18. Kh1 Qf4 19.
e5 Rxe5 20. dxe5 Bxe5 21. Kg2 Qh2+ 22. Kf3 Ne6 23. Nb3 Nf4 24. Rg1 Qxh3+ 25.
Rg3 Qh5+ 26. Ke3 d4+ 27. Nxd4 Bxd4+ 28. Kxf4 Re8 29. Rg4 Qh3 30. Rg3 Qh5 31.
Rg4 Qh3 32. Rg3 Qh5 1/2-1/2

[Event "TIPC 2006"]
[Site "Charleroi BEL"]
[Date "2006.08.03"]
[Round "7"]
[White "Kadimova, Ilaha"]
[Black "Demanghon, Jonathan"]
[Result "1-0"]
[ECO "D10"]
[WhiteElo "2330"]
[BlackElo "2160"]
[PlyCount "69"]
[TimeControl "40/7200:3600"]

1. d4 d5 2. c4 c6 3. Nc3 Nf6 4. e3 a6 5. Qc2 b5 6.
b3 Nbd7 7. Nf3 e6 8. Bd3 Be7 9. O-O O-O 10. a4 b4 11. Ne2 a5 12. Ne5 Qc7 13.
cxd5 Nxe5 14. dxe5 Qxe5 15. Bb2 Qxd5 16. Bxf6 Bxf6 17. Bxh7+ Kh8 18. Be4 Qg5
19. f4 Qh6 20. Bxc6 Ra7 21. Qc5 Re7 22. Rae1 Ba6 23. Rf3 Kg8 24. Nd4 Rc8 25.
Qxa5 Bxd4 26. Qxa6 Rec7 27. exd4 Rxc6 28. Qb7 Qh4 29. Ref1 Rc2 30. Qxb4 Qg4 31.
Rg3 Qe2 32. Qe1 Qa6 33. Qe5 g6 34. Rh3 Kf8 35. Qf6 1-0

[Event "TIPC 2006"]
[Site "Charleroi BEL"]
[Date "2006.08.03"]
[Round "7"]
[White "Maes, Wim"]
[Black "Hanley, James L."]
[Result "1-0"]
[ECO "A04"]
[WhiteElo "2287"]
[BlackElo "2155"]
[PlyCount "89"]
[TimeControl "40/7200:3600"]

1. e4 c5 2. Nf3 d6 3. d3 Nc6 4. g3 g6 5. Bg2 Bg7 6.
O-O e5 7. c3 Nge7 8. Nh4 O-O 9. f4 exf4 10. gxf4 f5 11. Nd2 Be6 12. Ndf3 h6 13.
Qe1 Qe8 14. Qg3 Qf7 15. a3 Rae8 16. Bd2 Na5 17. Rae1 Nb3 18. Be3 b5 19. Kh1 Kh7
20. Nd2 Nxd2 21. Bxd2 c4 22. dxc4 bxc4 23. Be3 fxe4 24. Bxe4 Bd5 25. Bxd5 Qxd5+
26. Kg1 a6 27. Rf2 Qh5 28. Rg2 Bf6 29. Nf3 Nf5 30. Qf2 Nh4 31. Rg3 Nxf3+ 32.
Qxf3 Bh4 33. Qxh5 gxh5 34. Kf2 Bxg3+ 35. hxg3 Re4 36. Rd1 Rfe8 37. Bb6 Re2+ 38.
Kf3 Rxb2 39. Rxd6 Rb3 40. Bd4 Rxa3 41. f5 Rf8 42. Rd7+ Kg8 43. Rg7+ Kh8 44.
Rf7+ Kg8 45. Rxf8+ 1-0

[Event "TIPC 2006"]
[Site "Charleroi BEL"]
[Date "2006.08.03"]
[Round "7"]
[White "Plachetka, Jan"]
[Black "Camus, Béranger"]
[Result "1-0"]
[ECO "E01"]
[WhiteElo "2427"]
[BlackElo "2135"]
[PlyCount "33"]
[TimeControl "40/7200:3600"]

1. d4 Nf6 2. Nf3 e6 3. g3 c5 4. Bg2 Nc6 5. O-O d5 6.
c4 cxd4 7. Nxd4 Qb6 8. Nxc6 bxc6 9. Nc3 Bb4 10. Be3 Qd8 11. cxd5 exd5 12. Qa4
a5 13. Nxd5 Bd7 14. Nxb4 axb4 15. Qxb4 Rb8 16. Qd6 Nd5 17. Bc5 1-0

[Event "TIPC 2006"]
[Site "Charleroi BEL"]
[Date "2006.08.03"]
[Round "7"]
[White "Giadrosic, Dinko"]
[Black "Vandevoort, Pascal"]
[Result "0-1"]
[ECO "D00"]
[WhiteElo "2059"]
[BlackElo "2388"]
[PlyCount "86"]
[TimeControl "40/7200:3600"]

1. d4 d5 2. c3 Nc6 3. Nf3 Bg4 4. Nbd2 e5 5. dxe5 f6
6. Qa4 Qd7 7. e6 Bxe6 8. Nd4 Nxd4 9. Qxd7+ Bxd7 10. cxd4 Bd6 11. Nf3 Ne7 12.
Bd2 g5 13. h3 h5 14. e3 Kf7 15. Bd3 Rae8 16. O-O-O Nf5 17. g3 Be7 18. e4 dxe4
19. Bxe4 Nd6 20. Bd5+ Kg7 21. Rde1 Bd8 22. Bc3 Bf5 23. h4 c6 24. Bb3 Be4 25.
Bd1 g4 26. Nd2 Bxh1 27. Rxh1 Nb5 28. Nc4 Bc7 29. Ne3 Rxe3 30. fxe3 Nxc3 31.
bxc3 Bxg3 32. Kd2 Re8 33. Bc2 Bf2 34. Bf5 Bxe3+ 35. Kd3 Bf2 36. Rf1 Re3+ 37.
Kd2 Rf3 38. Be4 Rf4 39. Bg2 f5 40. Ke2 Bg3 41. Rxf4 Bxf4 42. c4 Bg3 43. d5 c5
0-1

[Event "TIPC 2006"]
[Site "Charleroi BEL"]
[Date "2006.08.03"]
[Round "7"]
[White "Hoffmeister, Frank"]
[Black "Wantiez, Fabrice"]
[Result "1-0"]
[ECO "C46"]
[WhiteElo "2114"]
[BlackElo "2265"]
[PlyCount "83"]
[TimeControl "40/7200:3600"]

1. e4 e5 2. Nf3 Nc6 3. Nc3 Bb4 4. d4 exd4 5. Nxd4
Nf6 6. Nxc6 bxc6 7. Bd3 d5 8. exd5 cxd5 9. O-O h6 10. Bb5+ Bd7 11. Qe2+ Be7 12.
Bxd7+ Qxd7 13. Re1 O-O 14. Bxh6 Bb4 15. Bd2 Rab8 16. Qd3 d4 17. Nd1 Bd6 18. f3
Rfe8 19. b3 Rxe1+ 20. Bxe1 Nd5 21. Bd2 Bf4 22. Qxd4 Qe6 23. Nf2 c5 24. Qd3 Qe5
25. Re1 Bxh2+ 26. Kf1 Qh5 27. g4 Qh4 28. Qxd5 Bg3 29. Re2 Rd8 30. Qg5 Bxf2 31.
Rxf2 Qh1+ 32. Ke2 f6 33. Qh5 Qg1 34. Rh2 Qd4 35. Be3 Qd1+ 36. Kf2 Qxc2+ 37. Kg3
Qd1 38. Qxc5 Rd3 39. Qc4+ Kf8 40. Rh8+ Ke7 41. Qe4+ Kd7 42. Qb7+ 1-0

[Event "TIPC 2006"]
[Site "Charleroi BEL"]
[Date "2006.08.03"]
[Round "7"]
[White "Mohandesi, Shahin"]
[Black "Wattin, Joffrey"]
[Result "1-0"]
[ECO "A11"]
[WhiteElo "2253"]
[BlackElo "1698"]
[PlyCount "71"]
[TimeControl "40/7200:3600"]

1. Nf3 d5 2. c4 c6 3. Qc2 Nf6 4. b3 Bg4 5. Bb2 e6 6.
d3 Nbd7 7. Nbd2 Be7 8. g3 O-O 9. Bg2 Bf5 10. O-O Rc8 11. e4 Bg4 12. h3 Bxf3 13.
Nxf3 b5 14. Rfe1 Qb6 15. Rac1 dxc4 16. dxc4 Bc5 17. e5 Nh5 18. Ng5 g6 19. Ne4
Bb4 20. Red1 Rcd8 21. g4 f5 22. c5 Qc7 23. a3 fxe4 24. axb4 Nf4 25. Qxe4 Nxg2
26. Kxg2 Rf7 27. Rd6 Rdf8 28. Rc2 Qd8 29. Qe3 Qh4 30. Qg3 Qg5 31. Rxe6 Rf3 32.
Qxf3 Rxf3 33. Kxf3 h5 34. Kg3 Kf7 35. Bc1 Qd8 36. Rd6 1-0

[Event "TIPC 2006"]
[Site "Charleroi BEL"]
[Date "2006.08.03"]
[Round "7"]
[White "Bolzoni, Victor-Angel"]
[Black "Krasucki, Youri"]
[Result "1-0"]
[ECO "D04"]
[WhiteElo "2170"]
[BlackElo "2048"]
[PlyCount "41"]
[TimeControl "40/7200:3600"]

1. Nf3 d5 2. d4 Nf6 3. e3 c5 4. Bd3 Nc6 5. c3 Bg4 6.
Nbd2 e6 7. Qa4 Qd7 8. Bb5 Bxf3 9. Nxf3 Rc8 10. Ne5 Qc7 11. Qxa7 cxd4 12. exd4
Bd6 13. Nxc6 bxc6 14. Qxc7 Rxc7 15. Bd3 c5 16. dxc5 Bxc5 17. Be3 Bxe3 18. fxe3
Ke7 19. Kd2 Rb8 20. b4 Ng4 21. a4 1-0

[Event "TIPC 2006"]
[Site "Charleroi BEL"]
[Date "2006.08.03"]
[Round "7"]
[White "Charlier, Laurent"]
[Black "Van Uytven, Eric"]
[Result "0-1"]
[ECO "B20"]
[WhiteElo "2007"]
[BlackElo "2167"]
[PlyCount "110"]
[TimeControl "40/7200:3600"]

1. e4 c5 2. a3 g6 3. d4 cxd4 4. c3 dxc3 5. Nxc3 d6
6. Nf3 Bg7 7. Bc4 Nc6 8. Qb3 e6 9. Bg5 Nge7 10. Rd1 a6 11. Bxe7 Qxe7 12. Qb6
O-O 13. O-O Rd8 14. Rfe1 Rb8 15. e5 d5 16. Bf1 Bd7 17. b4 Rdc8 18. b5 Nd8 19.
Re3 Bh6 20. Red3 Bxb5 21. Nxb5 axb5 22. Rb3 Ra8 23. Qxb5 Rxa3 24. Rxa3 Qxa3 25.
Qd7 Ra8 26. Rb1 Bf8 27. Ng5 Qe7 28. Qxe7 Bxe7 29. Nh3 Bc5 30. Nf4 b6 31. h4 Bd4
32. Nd3 Nc6 33. g4 Ra2 34. h5 Kg7 35. hxg6 hxg6 36. Nb4 Bxf2+ 37. Kh1 Nxb4 38.
Rxb4 Bg3 39. Rxb6 Bxe5 40. Bd3 Rh2+ 41. Kg1 Rd2 42. Rb3 Bf4 43. Kf1 f5 44. gxf5
gxf5 45. Be2 Kf6 46. Rf3 e5 47. Rd3 Rxd3 48. Bxd3 e4 49. Ba6 Ke5 50. Bc8 d4 51.
Bb7 d3 52. Ke1 Bg3+ 53. Kf1 Kd4 54. Ba6 Bh4 55. Bb5 e3 0-1

[Event "TIPC 2006"]
[Site "Charleroi BEL"]
[Date "2006.08.03"]
[Round "7"]
[White "Allaert, Dimitri"]
[Black "Russo, Julien"]
[Result "0-1"]
[ECO "C12"]
[WhiteElo "1991"]
[BlackElo "2145"]
[PlyCount "120"]
[TimeControl "40/7200:3600"]

1. e4 e6 2. d4 d5 3. Nc3 Nf6 4. Bg5 Bb4 5. e5 h6 6.
Bd2 Bxc3 7. bxc3 Ne4 8. Qg4 g6 9. Bd3 Nxd2 10. Kxd2 c5 11. Nf3 Nc6 12. dxc5 Qa5
13. Rhe1 Qxc5 14. Ke2 Qxc3 15. Qf4 Qb4 16. Qf6 Rf8 17. Kf1 Qe7 18. Qg7 h5 19.
h4 Bd7 20. Ng5 O-O-O 21. Re3 f6 22. exf6 Rxf6 23. Qxe7 Nxe7 24. Rae1 Nf5 25.
Rf3 Re8 26. Re5 Kc7 27. Bxf5 Rxf5 28. Rc3+ Kd6 29. Rxf5 gxf5 30. Nf7+ Ke7 31.
Ne5 Rc8 32. Rxc8 Bxc8 33. Ng6+ Kf7 34. Nf4 d4 35. Nxh5 e5 36. Ng3 Kg6 37. f4 e4
38. Ne2 d3 39. cxd3 exd3 40. Ng3 Be6 41. a3 Bd5 42. Ke1 Bxg2 43. h5+ Kf6 44.
Kd2 Be4 45. Nf1 Kg7 46. Ne3 Kh6 47. Nc4 Kxh5 48. Ke3 Kg6 49. a4 Kf6 50. Kd4 Ke6
51. Kc5 b6+ 52. Kb4 Kd5 53. Kc3 Kc5 54. Ne5 b5 55. axb5 Kxb5 56. Nc4 a5 57.
Na3+ Kc5 58. Nc4 a4 59. Na3 d2 60. Kxd2 Kb4 0-1